 Dungeon Crawl Stone Soup version 0.30-a0-802-gb92711bcdf (webtiles) character file.

Game seed: 5196863289788959688

173 KennySheep the Sneak (level 5, 0/44 HPs)
             Began as an Armataur Brigand on Feb 25, 2023.
             Was a Follower of Vehumet.
             Slain by a gnoll
             ... wielding a +0 club
              (8 damage)
             ... on level 4 of the Dungeon.
             The game lasted 00:06:32 (2440 turns).

KennySheep the Sneak (Armataur Brigand)             Turns: 2440, Time: 00:06:32

Health: 0/44       AC:  5    Str: 16    XL:     5   Next: 28%
Magic:  2/5        EV:  9    Int: 12    God:    Vehumet [*.....]
Gold:   136        SH:  0    Dex: 13    Spells: 4/5 levels left

rFire   . . .      SeeInvis .    a - +2 dagger
rCold   . . .      Faith    .    (no shield)
rNeg    . . .      Spirit   .    b - +0 robe
rPois   .          Reflect  .    (no helmet)
rElec   .          Harm     .    c - +0 cloak
rCorr   .          Roll     +    (no gloves)
Will    .....                    (no barding)
Stlth   +++                      (no amulet)
HPRegen 0.27/turn                (no ring)
MPRegen 0.09/turn                (no ring)

@: very slightly contaminated
A: large, rugged brown scales 3, deformed body, armoured tail, roll, long
tongue, awkward tongue
a: Renounce Religion


You were on level 4 of the Dungeon.
You worshipped Vehumet.
Vehumet was aware of your devotion.
You visited 1 branch of the dungeon, and saw 4 of its levels.

You collected 136 gold pieces.

Inventory:

Hand Weapons
 a - a +2 dagger (weapon)
Missiles
 d - 9 poisoned darts (quivered)
 e - 3 curare-tipped darts
Armour
 b - a +0 robe (worn)
 c - a +0 cloak (worn)
Jewellery
 s - a ring of poison resistance
Wands
 m - a wand of polymorph (16)
Scrolls
 f - a scroll of brand weapon {unknown}
 i - a scroll of noise {unknown}
 o - 4 scrolls of identify {unknown}
 q - a scroll of fear {unknown}
 v - a scroll of enchant armour {unknown}
 w - a scroll of teleportation {unknown}
 x - a scroll of immolation {unknown}
Potions
 g - a potion of resistance {unknown}
 h - 4 potions of curing {unknown}
 j - a potion of cancellation {unknown}
 k - 4 potions of heal wounds {unknown}
 l - a potion of might {unknown}
 n - a potion of attraction {unknown}
 p - 2 potions of mutation {unknown}
 r - a potion of ambrosia {unknown}
 t - a potion of magic {unknown}
 u - a potion of lignification {unknown}


   Skills:
 - Level 2.7 Fighting
 - Level 3.5 Short Blades
 - Level 1.7 Throwing
 - Level 0.6 Dodging
 - Level 5.2 Stealth
 + Level 0.5 Spellcasting
 - Level 0.5 Conjurations
 * Level 0.9 Ice Magic


You had 4 spell levels left.
You knew the following spells:

 Your Spells              Type           Power      Damage    Failure   Level
a - Freeze                Ice            8%         1d3       22%         1

Your spell library contained the following spells:

 Spells                   Type           Power      Damage    Failure   Level
 Ignite Poison            Fire/Tmut/Pois 0%         N/A       67%         3
 Kindle Blastsparks       Fire/Tloc/Air  0%         2d10      67%         3
 Freezing Cloud           Conj/Ice/Air   0%         6-21      100%        5


Dungeon Overview and Level Annotations

Branches:
Dungeon (4/15)
 Temple: D:4-7

Altars:
Vehumet
The Shining One

Shops:
D:2 [


Innate Abilities, Weirdness & Mutations

You are completely covered in rugged brown scales. (AC +3, +7% HP)
Armour fits poorly on your strangely shaped body.
You have a long armoured tail.
You roll when moving toward enemies. (Rampage)
Your long tongue fully drains potion bottles. (2x potion effects)
Your tongue gives you trouble enunciating. (1.5x scroll delay)


Message History

Aiming: Freeze (safe; 22% risk of failure)
Press: ? - help, Shift-Dir - straight line, f - gnoll
Aim: a gnoll, wielding a +0 club You miscast Freeze.
You are very lightly contaminated with residual magic.
Nothing appears to happen.
The gnoll hits you from afar with a +3 spear.
Casting: Freeze (safe; 22% risk of failure)
Confirm with . or Enter, or press ? or * to list all spells.
Aiming: Freeze (safe; 22% risk of failure)
Press: ? - help, Shift-Dir - straight line, f/p - gnoll
Aim: a gnoll, wielding a +0 club You miscast Freeze.
Nothing appears to happen.
The gnoll hits you with a +0 club.
The gnoll hits you from afar with a +3 spear.
The gnoll attacks as you move away! The gnoll hits you with a +0 club.
The gnoll attacks as you move away! The gnoll hits you with a +0 club.
You see here a scroll labelled TOCORGH CAHILI.
Casting: Freeze (safe; 22% risk of failure)
Confirm with . or Enter, or press ? or * to list all spells.
Aiming: Freeze (safe; 22% risk of failure)
Press: ? - help, Shift-Dir - straight line, f/p - gnoll
Aim: a gnoll, wielding a +0 club You freeze the gnoll.
The gnoll is moderately wounded.
The gnoll misses you. The gnoll barely misses you.
You barely miss the gnoll.
The gnoll is moderately wounded.
The gnoll hits you with a +0 club.
* * * LOW HITPOINT WARNING * * *
The gnoll hits you but does no damage.
You closely miss the gnoll.
The gnoll is moderately wounded.
The gnoll closely misses you.
The gnoll hits you from afar with a +3 spear.
* * * LOW HITPOINT WARNING * * *
You hit the gnoll.
The gnoll is moderately wounded.
The gnoll hits you with a +0 club!
You die...

#.########.#
#.#####.########.#
#................#
.....##..#.######.#
......#..#.# #.# #
#..##..#.######.# #
#...............#
#...####.###..#.######.#
........ggg@.....# #.#
#...#>##.###..#.#.# #.#
# # #.# #..(...# #.# #.#
##.#.#.# #.# ..# ##....#
#.# #.# ....# #.# ##.
.#..# #.# # ...#####.#
#.....#


You could see 3 gnolls.

Vanquished Creatures
  A hound (D:2)
  5 adders
  3 gnolls (D:2)
  A worm (D:2)
  2 dart slugs
  2 orcs (D:3)
  6 ball pythons
  9 bats
  4 endoplasms
  3 giant cockroaches
  4 goblins
  4 hobgoblins (D:1)
  9 kobolds
  2 quokkas (D:1)
  5 frilled lizards
  3 rats
63 creatures vanquished.

Notes
Turn   | Place    | Note
-------+----------+-------------------------------------------
     0 | D:1      | KennySheep the Armataur Brigand began the quest for the
                  | Orb.
     0 | D:1      | Reached XP level 1. HP: 18/18 MP: 1/1
    75 | D:1      | Reached XP level 2. HP: 25/25 MP: 2/2
   759 | D:1      | Reached XP level 3. HP: 28/31 MP: 3/3
  1209 | D:2      | Reached XP level 4. HP: 39/39 MP: 4/4
  1211 | D:2      | Reached skill level 5 in Stealth
  1279 | D:2      | Found Loyrphah's Armour Emporium.
  1668 | D:3      | Found a faded altar of an unknown god.
  1671 | D:3      | Prayed at the altar of an unknown god.
  1671 | D:3      | Became a worshipper of Vehumet
  1671 | D:3      | Reached * piety under Vehumet
  1671 | D:3      | Offered knowledge of Freeze by Vehumet.
  1742 | D:3      | Reached XP level 5. HP: 44/44 MP: 5/5
  1873 | D:3      | Learned a level 1 spell: Freeze
  2132 | D:3      | Found a glowing golden altar of the Shining One.
  2440 | D:4      | Slain by a gnoll

Illustrated notes

Levels and vault maps discovered:
D:1:      psy_arrival_radial02, layout_basic
D:2:      layout_rooms, serial_shops, shop, minmay_misc_feat_secret_circle
D:3:      layout_loops_cross, tso_oasis_becter, nicolae_ecumenical_pavilion,
          uniq_crazy_yiuf_cottage
D:4:      layout_loops_ring, minmay_manual_maat

Skill      XL: |  1  2  3  4 |
---------------+-------------+-----
Short Blades   | 2 3 |  3.5
Fighting       | 2 |  2.7
Stealth        | 5 |  5.2
Throwing       | |  1.7
Dodging        | |  0.6
Spellcasting   | |  0.5
Conjurations   | |  0.5
Ice Magic      | |  0.9

Action                     |  1- 3 |  4- 6 || total
---------------------------+-------+-------++-------
  Melee: Dagger            |    90 |    87 ||   177
         Tailslap          |     4 |    15 ||    19
   Cast: Freeze            |       |     1 ||     1
   Stab: Sleeping          |    14 |     8 ||    22
 Armour: Robe              |    37 |    28 ||    65
  Dodge: Dodged            |    40 |    28 ||    68

Table legend: (Time is in decaauts)
 A = Elapsed time spent in this place.
 B = Non-inter-level travel time spent in this place.
 C = Inter-level travel time spent in this place.
 D = Time resting spent in this place.
 E = Time spent auto-exploring this place.
 F = Levels seen in this place.
 G = Mean time per level.
                   A        B        C        D        E       F      G
               +--------+--------+--------+--------+--------+-----+--------+
         Total |   2413 |   2384 |     29 |      0 |   1942 |   4 |  603.2 |
       Dungeon |   2413 |   2384 |     29 |      0 |   1942 |   4 |  603.2 |
               +--------+--------+--------+--------+--------+-----+--------+

Top non-repeatable levels by time:
     D:1: 1098 daAuts
     D:3: 696 daAuts
     D:2: 551 daAuts
     D:4: 67 daAuts
